 Dungeon Crawl Stone Soup version 0.20-a0-277-g7db01f4 (webtiles) character file.

279 Da5id the Slasher (level 6, 0/32 HPs)
             Began as a Vine Stalker Fighter on Dec 13, 2016.
             Was a Follower of Okawaru.
             Killed by divine providence
             ... invoked by an orc priest
              (8 damage)
             ... on level 4 of the Dungeon.
             The game lasted 00:06:52 (4797 turns).

Da5id the Slasher (Vine Stalker Fighter)            Turns: 4797, Time: 00:06:52

Health: 0/32       AC: 10    Str: 20    XL:     6   Next: 26%
Magic:  0/8        EV:  9    Int:  8    God:    Okawaru [*.....]
Gold:   243        SH: 11    Dex: 14    Spells: 5/5 levels left

rFire  . . .     SeeInvis .     a - +0 long sword
rCold  . . .     Gourm    .     h - +0 chain mail
rNeg   . . .     Faith    .     c - +0 shield
rPois  .         Spirit   +     (no helmet)
rElec  .         Reflect  .     (no cloak)
rCorr  .         Harm     .     (no gloves)
MR     .....                    (no boots)
Stlth  ..........               t - amulet of magic regeneration
                                (no ring)
                                p - ring of wizardry

@: heroism
A: fangs 2, regeneration 1, magic shield, antimagic bite, no device heal 3, rot
immunity
a: Heroism, Renounce Religion


You were on level 4 of the Dungeon.
You worshipped Okawaru.
Okawaru was aware of your devotion.
You were not hungry.

You visited 1 branch of the dungeon, and saw 4 of its levels.

You collected 243 gold pieces.

Inventory:

Hand Weapons
 a - a +0 long sword (weapon)
Armour
 b - a +0 scale mail
 c - a +0 shield (worn)
 h - a +0 chain mail (worn)
Jewellery
 p - a ring of wizardry (left hand)
 q - an uncursed amulet of harm {unknown}
 t - an amulet of magic regeneration (around neck)
Scrolls
 e - a scroll of recharging {unknown}
 i - 2 scrolls of remove curse {unknown}
 l - 3 scrolls of teleportation {unknown}
 m - 2 scrolls of enchant armour {unknown}
 n - a scroll of random uselessness {unknown}
 o - 2 scrolls of fear {unknown}
 y - a scroll of amnesia {unknown}
 z - 3 scrolls of identify {unknown}
Potions
 f - a potion of experience {unknown}
 j - 5 potions of lignification {unknown}
 k - 2 potions of brilliance {unknown}
 r - 2 potions of curing {unknown}
 s - a potion of invisibility {unknown}
 u - a potion of magic {unknown}
 w - 2 potions of mutation {unknown}
 x - 2 potions of haste {unknown}
 A - a potion of cure mutation {unknown}
 C - a potion of might
Comestibles
 d - 10 chunks of flesh
 g - 2 meat rations
 v - 3 bread rations
 B - a slice of pizza


   Skills:
 - Level 2.6(7.6) Fighting
 + Level 5.4(10.4) Long Blades
 - Level 2.4(7.4) Armour
 - Level 2.6(7.6) Shields
 - Level 2.0 Invocations


You had 5 spell levels left.
You didn't know any spells.

Dungeon Overview and Level Annotations

Branches:
Dungeon (4/15)
 Temple: D:4-7

Altars:
Okawaru
The Shining One


Innate Abilities, Weirdness & Mutations

You have extremely sharp teeth.
Your natural rate of healing is unusually fast.
When hurt, damage is shared between your health and your magic reserves.
Your bite disrupts and absorbs the magic of your enemies.
Potions and wands cannot restore your health.
You are immune to rotting.


Message History

The orc priest is severely wounded.
The orc priest calls upon Beogh to heal the orc priest.
The orc priest is healed somewhat.
The orc wizard hits you but does no damage.
The orc priest hits you but does no damage.
You slash the orc priest! You bite the orc priest. You drain its power.
The orc priest is almost dead.
The orc priest invokes the aid of Beogh against you.
You struggle to resist.
The orc wizard completely misses you.
You riposte.
Your shield and chain mail prevent you from hitting the orc wizard.
You bite the orc wizard.
The orc wizard's magic leaks into the air.
You drain its magic.
The orc wizard is lightly wounded.
The orc priest closely misses you.
You hit the orc priest.
The orc priest is almost dead.
The orc priest mumbles some strange prayers to Beogh against you.
Beogh smites you!
You die...

#............##.# ###.....#
#.............#.## ##........ #
#................# #......... #
##...............# ##......... ##
#...............## #.......... .#
#................## #.......... .#
##................# ##..........
.## #...........oo...# #...........
..# ##.........oo@.### ##..........
..## #############..# ##.........
...## #..# #......... ....########
##.#######........
.##...#....#######......####.......
####...............###.............
# ##..............## #.###.........
# #..............## #'# #####.##..
##..........>...# ♣.♣## ##♣.♣##.


You could see 2 orc priests, an orc wizard and an orc.

Vanquished Creatures
  4 orc wizards
  A worker ant (D:4)
  5 adders
  An ooze (D:4)
  A worm (D:2)
  2 leopard geckos
  8 orcs
  3 giant cockroaches
  10 goblins
  11 hobgoblins
  3 jackals (D:2)
  A quokka (D:4)
  2 ball pythons
  10 bats
  8 frilled lizards
  8 kobolds
  10 rats
88 creatures vanquished.

Notes
Turn   | Place    | Note
-------+----------+-------------------------------------------
     0 | D:1      | Da5id the Vine Stalker Fighter began the quest for the Orb.
     0 | D:1      | Reached XP level 1. HP: 11/11 MP: 2/2
   114 | D:1      | Reached skill level 2 in Long Blades
   650 | D:1      | Reached XP level 2. HP: 16/16 MP: 3/3
   793 | D:1      | Found an iron altar of Okawaru.
   806 | D:1      | Became a worshipper of Warmaster Okawaru
  1338 | D:2      | Reached skill level 1 in Invocations
  1338 | D:2      | Reached XP level 3. HP: 17/19 MP: 4/4
  1377 | D:2      | Reached skill level 3 in Long Blades
  1807 | D:2      | Found a glowing golden altar of the Shining One.
  1931 | D:2      | Gained mutation: Your natural rate of healing is unusually fast. [Vine Stalker growth]
  1931 | D:2      | Reached XP level 4. HP: 23/23 MP: 6/6
  3080 | D:3      | Reached skill level 4 in Long Blades
  3080 | D:3      | Reached XP level 5. HP: 15/27 MP: 3/7
  3089 | D:3      | HP: 1/27 [something/puff of flame (9)]
  4167 | D:4      | Reached skill level 5 in Long Blades
  4167 | D:4      | Reached XP level 6. HP: 15/32 MP: 6/8
  4747 | D:4      | Reached * piety under Okawaru
  4797 | D:4      | Killed from afar by an orc priest

Vault maps used:
D:1:      dpeg_arrival_oval, okawaru_ov_weapons_minmay
D:2:      minmay_tree_intersection, tso_altar
D:3:      first_bread
D:4:      grunt_ministairs_8, minmay_joined_circles

Skill      XL: |  1  2  3  4  5 |
---------------+----------------+-----
Long Blades    | 2 3 4 5 |  5.4
Invocations    | 1 2 |  2.0
Fighting       | |  2.6
Armour         | |  2.4
Shields        | |  2.6

Action                   |  1- 3 |  4- 6 || total
-------------------------+-------+-------++-------
Melee: Long sword        |    74 |   201 ||   275
       Bite              |    20 |    48 ||    68
Invok: Heroism           |       |     1 ||     1
  Use: Potion            |       |     1 ||     1
  Eat: Chunk             |     3 |     5 ||     8
       Bread ration      |       |     1 ||     1
Armor: Chain mail        |    38 |   134 ||   172
Dodge: Dodged            |    16 |    37 ||    53
Block: Shield            |    29 |    89 ||   118
       Rpst.: Long sword |     5 |     9 ||    14
